 Dungeon Crawl Stone Soup version 0.31.0-32-g396128a36d (webtiles) character file.

Game seed: 1369775910068475848

231 BoneyBoi1234 the Changeling (level 5, -2/49 HPs)
             Began as a Troll Shapeshifter on Mar 27, 2024.
             Slain by a gnoll
             ... wielding a +0 spear
             ... led by a gnoll bouda
              (8 damage)
             ... on level 4 of the Dungeon.
             The game lasted 00:05:35 (2460 turns).

BoneyBoi1234 the Changeling (Troll Shapeshifter)    Turns: 2460, Time: 00:05:35

Health: -2/49      AC:  4    Str: 24    XL:     5   Next: 73%
Magic:  4/4        EV: 10    Int:  6    God:
Gold:   197        SH:  0    Dex:  9    Spells: 4/4 levels left

rFire   + .          .
                       - Unarmed
rCold   . . .        (no shield)
rNeg    . . .        a - +0 animal skin
rPois   .            (helmet currently unavailable)
rElec   .            (cloak currently unavailable)
rCorr   .            (gloves unavailable)
SInv    .            (boots unavailable)
Will    .....        k - amulet of regeneration
Stlth   +            m - ring of protection from fire
HPRegen 1.88/turn    (no ring)
MPRegen 0.09/turn

%: no passive effects
@: beast-form
A: beast (slay +2), large, unfitting armour, claws 3, regeneration 1, shaggy fur
1, tough skin 1
a: Begin Untransformation


You were on level 4 of the Dungeon.
You were a hulking beast.
You visited 1 branch of the dungeon, and saw 4 of its levels.

You collected 197 gold pieces.

Inventory:

Armour
 a - a +0 animal skin (worn)
Jewellery
 k - an amulet of regeneration (around neck)
 m - a ring of protection from fire (left claw)
Talismans
 c - a beast talisman
 d - a flux talisman
 n - a blade talisman
Scrolls
 e - a scroll of revelation
 f - a scroll of teleportation {unknown}
 p - 2 scrolls of vulnerability
Potions
 b - 3 potions of lignification
 g - a potion of invisibility
 h - 2 potions of enlightenment
 i - 2 potions of curing {unknown}
 j - a potion of haste {unknown}
 l - a potion of attraction {unknown}
 o - 2 potions of might {unknown}


   Skills:
 + Level 2.1 Fighting
 + Level 2.7 Dodging
 + Level 4.0 Unarmed Combat
 * Level 4.2 Shapeshifting


You had 4 spell levels left.
You didn't know any spells.
Your spell library contained the following spells:

 Spells                   Type           Power      Damage    Failure   Level
 Sting                    Conj/Alch      0%         1d3       45%         1
 Ensorcelled Hibernation  Hex/Ice        0%         N/A       58%         2
 Mercury Vapours          Alch/Air       0%         N/A       58%         2
 Passwall                 Erth           0%         N/A       83%         3
 Swiftness                Air            0%         N/A       83%         3
 Tukima's Dance           Hex            0%         N/A       83%         3
 Dimensional Bullseye     Hex/Tloc       0%         N/A       99%         4
 Iskenderun's Mystic Bla  Conj/Tloc      0%         2d3       99%         4
 Olgreb's Toxic Radiance  Alch           0%         N/A       99%         4


Dungeon Overview and Level Annotations

Branches:
Dungeon (4/15)
 Temple: D:4-7

Altars:
Cheibriados
Elyvilon
Gozag
Qazlal
Yredelemnul


Innate Abilities, Weirdness & Mutations

You are a hulking beast.
Your limbs bulge with bestial killing power. (Slay +2)
You are too large for most types of armour.
You have claws for hands.
Your natural rate of healing is unusually fast.
You are covered in fur. (AC +1)
You have tough skin. (AC +1)


Message History

You closely miss the gnoll bouda. You claw the gnoll bouda.
The gnoll bouda is heavily wounded.
The gnoll bouda barely misses you.
You claw the gnoll bouda!
You kill the gnoll bouda!
The gnoll is no longer moving quickly.
The gnoll barely misses you.
Your Unarmed Combat skill increases to level 4!
You scratch the gnoll.
The gnoll is lightly wounded.
The gnoll barely misses you.
You claw the gnoll! You claw the gnoll.
You kill the gnoll!
You claw the gnoll!
The gnoll is severely wounded.
The gnoll is no longer moving quickly.
The gnoll closely misses you.
The gnoll hits you from afar with a +0 halberd!
You closely miss the gnoll.
The gnoll is severely wounded.
The gnoll barely misses you.
The gnoll hits you from afar with a +0 halberd!
There are no items here.
There are no items here.
You barely miss the gnoll.
The gnoll is severely wounded.
The gnoll is no longer moving quickly.
The gnoll hits you with a +0 flail!
* * * LOW HITPOINT WARNING * * *
You scratch the gnoll.
You kill the gnoll!
The gnoll hits you from afar with a +0 halberd.
* * * LOW HITPOINT WARNING * * *
The gnoll barely misses you.
The gnoll hits you from afar with a +0 spear.
* * * LOW HITPOINT WARNING * * *
Items here: ))))) [ †.
You claw the gnoll!
The gnoll is almost dead.
The gnoll hits you with a +0 halberd.
* * * LOW HITPOINT WARNING * * *
The gnoll hits you from afar with a +0 spear!
You die...

####.######.## #....
#........#...###.###
#.##.###.(....#...#
#.##............#.#
#.#########.###...#
#.# #.# ##### #.#
#.# #######.######
#+# #......ggh...# #
#.##.##.####.# # #
#..# # # g.... ####


gg...... +... .....####.. #### #.##.## . # #. ### # # # You could see 2 gnolls.

Vanquished Creatures
  A bombardier beetle (D:3)
  A gnoll bouda (D:4)
  3 gnolls (D:4)
  5 adders
  An adder zombie (D:2)
  3 ribbon worms
  2 dart slugs
  8 orcs (D:3)
  10 bats
  2 bat skeletons (D:2)
  A bat zombie (D:2)
  2 endoplasms
  2 giant cockroaches
  7 goblins
  5 hobgoblins
  4 quokkas
  8 ball pythons
  3 ball python zombies (D:2)
  7 frilled lizards
  2 quokka skeletons (D:2)
  4 rats
81 creatures vanquished.

Vanquished Creatures (others)
  A bat (D:2)
1 creature vanquished.

Grand Total: 82 creatures vanquished

Notes
Turn   | Place    | Note
-------+----------+-------------------------------------------
     0 | D:1      | BoneyBoi1234 the Troll Shapeshifter began the quest for the
                  | Orb.
     0 | D:1      | Reached XP level 1. HP: 18/18 MP: 0/0
    53 | D:1      | Reached skill level 1 in Fighting
   105 | D:1      | Reached XP level 2. HP: 26/27 MP: 1/1
   858 | D:2      | Reached XP level 3. HP: 30/33 MP: 2/2
   897 | D:2      | Found a snail-covered altar of Cheibriados.
  1570 | D:3      | Found a basalt altar of Yredelemnul.
  1570 | D:3      | Found an opulent altar of Gozag.
  1579 | D:3      | Reached XP level 4. HP: 33/41 MP: 3/3
  1626 | D:3      | Found a faded altar of an unknown god.
  1678 | D:3      | Found a stormy altar of Qazlal.
  2197 | D:3      | Reached XP level 5. HP: 47/49 MP: 4/4
  2372 | D:4      | Found a white marble altar of Elyvilon.
  2460 | D:4      | Slain by a gnoll

Illustrated notes

Levels and vault maps discovered:
D:1:      minmay_arrival_nine_rooms, layout_loops_ring
D:2:      layout_basic, basic_altar, serial_undead, serial_undead_a,
          serial_undead_d, serial_undead_f, serial_undead_f, serial_undead_e,
          serial_undead_b, serial_undead_a, serial_undead_b, serial_undead_e,
          serial_undead_a, grunt_ministairs_11, minmay_pentomino_pile
D:3:      layout_loops_ring, mainiacjoe_overflow_24_doors,
          grunt_temple_overflow_open, hellmonk_ecumenical_altar_lost_god,
          nicolae_half_adder
D:4:      layout_loops_corners, nicolae_elyvilon_temple_path,
          overflow_temple_1_default

Skill      XL: |  1  2  3  4  5 |
---------------+----------------+-----
Fighting       | 1 2 |  2.1
Dodging        | 2 |  2.7
Shapeshifting  | 4 |  4.2
Unarmed Combat | 4 |  4.0

Action                     |  1- 3 |  4- 6 || total
---------------------------+-------+-------++-------
  Melee: Unarmed           |   112 |    74 ||   186
         Punch             |     1 |     3 ||     4
    Use: Scroll            |       |     4 ||     4
   Stab: Sleeping          |     1 |       ||     1
 Armour: Animal skin       |    82 |    62 ||   144
  Dodge: Dodged            |    58 |    39 ||    97
